 Dungeon Crawl Stone Soup version 0.31-a0-1-g4198be8af4 (webtiles) character file.

Game seed: 7888417892103327978

19317 Demosthentine the Fighter (level 12, -5/89 HPs)
             Began as a Demonspawn Gladiator on Apr 30, 2023.
             Was a Priest of Hepliaklqana.
             Slain by an ice beast (10 damage)
             ... summoned by an ice statue
             ... in an ice cave on May 1, 2023.
             The game lasted 00:14:02 (10648 turns).

Demosthentine the Fighter (Demonspawn Gladiator)   Turns: 10648, Time: 00:14:03

Health: -5/89      AC: 16    Str: 16    XL:     12   Next: 35%
Magic:  18/18      EV: 18    Int: 10    God:    Hepliaklqana [***...]
Gold:   1040       SH:  0    Dex: 18    Spells: 11/11 levels left

rFire   . . .        A - +12 glaive of Prune {freeze, Prune}
rCold   . . .        (shield currently unavailable)
rNeg    . . .        H - +0 troll leather armour
rPois   +            o - +2 helmet
rElec   .            v - +2 cloak {rPois}
rCorr   .            (no gloves)
SInv    .            j - +1 pair of boots
Will    .....        (no amulet)
Stlth   +            m - ring of flight
HPRegen 1.14/turn    (no ring)
MPRegen 0.32/turn

%: no passive effects
@: flying
A: reduced essence, slimy green scales 1, demonic guardian 2, magic
regeneration, demonic touch 2
a: Renounce Religion, Recall Ancestor, Ancestor Identity, Transference


You were in an ice cave.
You worshipped Hepliaklqana.
Hepliaklqana was most pleased with you.
You visited 2 branches of the dungeon, and saw 13 of its levels.
You also visited: Bailey and Ice Cave.

You collected 1040 gold pieces.

Inventory:

Hand Weapons
 k - the +4 spear of Darkness {drain, Dex+3}
   (You found it on level 2 of the Dungeon)

   Dex:       It affects your dexterity (+3).
 A - the +12 glaive of Prune (weapon) {freeze, Prune}
   (You found it in a bailey)

   Prune:     It halves damage taken while paralysed, petrified or unconscious.
Missiles
 c - 15 boomerangs
 d - 3 throwing nets (quivered)
 e - 25 javelins
 g - 4 atropa-tipped darts
 y - 6 silver javelins
Armour
 a - the +18 Lear's hauberk
   (You found it on level 2 of the Dungeon)
 j - a +1 pair of boots (worn)
 o - a +2 helmet (worn)
 v - a +2 cloak of poison resistance (worn)
 H - a +0 troll leather armour (worn)
Jewellery
 m - a ring of flight (left hand)
 z - a +6 ring of intelligence
Wands
 p - a wand of iceblast (5)
 q - a wand of acid (16)
 x - a wand of charming (16)
 C - a wand of polymorph (6)
 D - a wand of flame (11)
Scrolls
 b - 7 scrolls of enchant weapon
 l - 5 scrolls of teleportation
 w - 4 scrolls of enchant armour
 B - 3 scrolls of immolation
 F - a scroll of fog
 G - a scroll of blinking
Potions
 f - 9 potions of curing
 h - 4 potions of attraction
 i - 5 potions of might
 n - a potion of cancellation
 r - 2 potions of heal wounds
 s - a potion of magic
 t - 2 potions of flight
 u - 2 potions of lignification
 E - 2 potions of brilliance
 J - a potion of mutation
 K - a potion of resistance


   Skills:
 + Level 10.7 Fighting
 + Level 10.0 Polearms
 - Level 1.7 Throwing
 - Level 7.0 Armour
 + Level 10.0 Dodging
 + Level 9.0 Invocations


You had 11 spell levels left.
You didn't know any spells.
Your spell library contained the following spells:

 Spells                   Type           Power      Damage    Failure   Level
 Magic Dart               Conj           0%         1d3       41%         1
 Slow                     Hex            0%         N/A       41%         1
 Call Imp                 Summ           0%         N/A       56%         2
 Lesser Beckoning         Tloc           0%         N/A       56%         2
 Poisonous Vapours        Pois/Air       0%         N/A       56%         2
 Call Canine Familiar     Summ           0%         N/A       80%         3
 Confusing Touch          Hex            0%         N/A       80%         3
 Frozen Ramparts          Ice            0%         1d1       80%         3
 Gell's Gravitas          Tloc           0%         N/A       80%         3
 Mephitic Cloud           Conj/Pois/Air  0%         N/A       80%         3
 Portal Projectile        Hex/Tloc       0%         N/A       80%         3
 Summon Guardian Golem    Hex/Summ       0%         N/A       80%         3
 Teleport Other           Tloc           0%         N/A       80%         3
 Vampiric Draining        Necr           0%         2d6       80%         3
 Ice Form                 Ice/Tmut       0%         N/A       99%         4
 Leda's Liquefaction      Hex/Erth       0%         N/A       99%         4
 Summon Ice Beast         Ice/Summ       0%         N/A       99%         4
 Freezing Cloud           Conj/Ice/Air   0%         6-21      100%        5
 Dispersal                Tloc           0%         N/A       100%        6
 Orb of Destruction       Conj           0%         9d5       100%        7
 Spellforged Servitor     Conj/Summ      0%         N/A       100%        7


Dungeon Overview and Level Annotations

Branches:
Dungeon (12/15)            Temple (1/1) D:7            Lair (0/5) D:8
 Bailey (visited)           IceCv (1/1)
    Orc: D:9-12

Altars:
Ashenzari
Cheibriados
Dithmenos
Fedhas
Gozag
Hepliaklqana
Kikubaaqudgha
Makhleb
Nemelex Xobeh
Okawaru
Qazlal
Ru
Sif Muna
Trog
Uskayaw
Vehumet
Wu Jian
Xom
Yredelemnul

Shops:
D:7 !   D:9 :

Annotations:
IceCv exclusion: ice statue


Innate Abilities, Weirdness & Mutations

Your life essence is reduced to manifest your ancestor. (-10% HP)
You are partially covered in slimy green scales. (AC +2)
A demonic guardian rushes to your aid.
You regenerate magic rapidly.
Your touch may inflict irresistible damage on your foes.


Message History

Your hellwing is engulfed in freezing vapours.
Your hellwing hits the ice beast. Your hellwing misses the ice beast.
The ice beast hits you but does no damage.
You slice the ice statue!!
The ice statue is almost destroyed.
You are engulfed in freezing vapours.
The ice beast barely misses you.
Your hellwing is engulfed in freezing vapours.
Your hellwing hits the ice beast! x2; The ice beast closely misses you.
Unknown command.
You hit the ice statue but do no damage.
The ice statue is almost destroyed.
You are engulfed in freezing vapours.
Your hellwing hits the ice beast but does no damage.
Your hellwing barely misses the ice beast.
The ice beast hits your hellwing but does no damage.
The ice beast hits you but does no damage.
Your hellwing is engulfed in freezing vapours.
Your hellwing hits the ice beast!
The ice beast dies!
The ice beast disappears in a puff of smoke!
You slash the ice statue!
You destroy the ice statue!
You are engulfed in freezing vapours.
* * * LOW HITPOINT WARNING * * *
The ice beast hits you but does no damage.
The ice beast barely misses you.
Your hellwing is engulfed in freezing vapours.
Your Invocations skill increases to level 9!
The ice beast attacks as you move away! The ice beast barely misses you.
Your hellwing is engulfed in freezing vapours.
Your hellwing hits the ice beast but does no damage.
Your hellwing closely misses the ice beast.
You see here a scroll of teleportation.
Unknown command.
You slash the ice beast!
The ice beast is heavily wounded.
The ice beast misses you. The ice beast hits you.
* * * LOW HITPOINT WARNING * * *
The ice beast freezes you!
You die...

##### .....##
.......## ........##
......°Y@# ####
.......Y########..##
......○4°##..##....##
......°°............#
..⌠.............∩∩..#
...........##.......#
.........######....##
........## ##..##
........8 ####


You could see 2 ice beasts and a friendly hellwing (summoned).

Vanquished Creatures
  A tengu reaver (D:11)
  The ghost of themarg the Grappler, a journeyman TrFi of Okawaru (D:11)
  A yaktaur captain (D:10)
  3 two-headed ogres
  A centaur warrior (D:11)
  Maurice (D:11)
  An ice statue (IceCv)
  Maggie (D:7)
  A gargoyle (D:9)
  A komodo dragon (D:11)
  An ice devil (IceCv)
  3 trolls
  Sigmund (D:4)
  5 wyverns (D:8)
  19 yaks
  A wraith (D:11)
  A steam dragon (D:6)
  Eustachio (D:5)
  4 acid dragons
  Edmund (D:5)
  Duvessa (D:6)
  6 water moccasins
  A sky beast (D:7)
  2 ice beasts
  16 orc warriors
  4 black bears
  An ogre (D:6)
  8 centaurs (Bailey)
  A kobold brigand (D:11)
  3 bullfrogs
  A two-headed ogre simulacrum (IceCv)
  2 scorpions
  14 wights
  Dowan (D:6)
  6 killer bees (D:9)
  2 howler monkeys (D:6)
  4 hounds
  2 jellies
  Crazy Yiuf (D:5)
  4 orc priests
  4 iguanas
  A sleepcap (D:4)
  2 gnoll boudas
  12 orc wizards
  2 polar bear simulacra (IceCv)
  Robin (D:3)
  8 gnolls
  2 naga simulacra (IceCv)
  13 adders
  A shadow imp (D:7)
  2 worms (D:2)
  2 dart slugs (D:1)
  73 orcs
  4 endoplasms
  3 giant cockroaches
  19 goblins
  4 hobgoblins
  3 jackals (D:4)
  10 kobolds
  10 quokkas
  8 ball pythons
  8 bats
  3 frilled lizards
  7 rats
331 creatures vanquished.

Vanquished Creatures (collateral kills)
  Joseph (D:8)
  A wraith (D:10)
  A wyvern (D:11)
  A yak (D:10)
  An orc warrior (Bailey)
  2 centaurs
  A kobold brigand (D:10)
  2 wights (D:9)
  A killer bee (D:9)
  2 howler monkeys (D:10)
  An orc priest (D:9)
  3 orc wizards
  A gnoll (D:10)
  3 orcs
  5 kobolds
26 creatures vanquished.

Vanquished Creatures (others)
  A vampire mosquito (D:12)
  2 ancestors
  3 hexers
  An orc (D:9)
  A bush (D:8)
  3 fungi (D:8)
  19 plants (D:8)
30 creatures vanquished.

Grand Total: 387 creatures vanquished

Notes
Turn   | Place    | Note
-------+----------+-------------------------------------------
     0 | D:1      | Demosthentine the Demonspawn Gladiator began the quest for
                  | the Orb.
     0 | D:1      | Reached XP level 1. HP: 16/16 MP: 1/1
    98 | D:1      | Found a faded altar of an unknown god.
   228 | D:1      | Gained mutation: A weak demonic guardian rushes to your
                  | aid. [demonic ancestry]
   228 | D:1      | Reached XP level 2. HP: 16/22 MP: 2/2
   530 | D:1      | Reached skill level 1 in Armour
   530 | D:1      | Gained mutation: You regenerate magic rapidly. [demonic
                  | ancestry]
   530 | D:1      | Reached XP level 3. HP: 21/28 MP: 3/3
  1109 | D:2      | Found the +18 Lear's hauberk
  1162 | D:2      | Identified the +4 spear of Darkness {drain, Dex+3}
  1268 | D:2      | Reached XP level 4. HP: 29/34 MP: 4/4
  1683 | D:3      | Found a faded altar of an unknown god.
  1756 | D:3      | Noticed Robin
  1773 | D:3      | Killed Robin
  1849 | D:3      | Gained mutation: Your touch may inflict minor irresistible
                  | damage on your foes. [demonic ancestry]
  1849 | D:3      | Reached XP level 5. HP: 14/41 MP: 5/5
  2787 | D:4      | Noticed Sigmund
  2808 | D:4      | Killed Sigmund
  2809 | D:4      | Reached XP level 6. HP: 21/48 MP: 6/6
  2824 | D:3      | Found a broken altar of Ashenzari.
  2998 | D:4      | Identified the +3 whip "Giantslayer" {heavy, *Noise rN+
                  | MP+9}
  3188 | D:4      | Reached XP level 7. HP: 54/54 MP: 7/7
  3378 | D:5      | Entered Level 5 of the Dungeon
  3675 | D:5      | Noticed Eustachio
  3683 | D:5      | Killed Eustachio
  3684 | D:5      | Reached skill level 5 in Fighting
  3684 | D:5      | Reached skill level 5 in Polearms
  3684 | D:5      | Reached skill level 5 in Dodging
  3684 | D:5      | Gained mutation: You are partially covered in slimy green
                  | scales. (AC +2) [demonic ancestry]
  3684 | D:5      | Reached XP level 8. HP: 61/62 MP: 8/8
  3710 | D:5      | Identified the +8 chain mail of the Harvest Moon {Will++
                  | Int-2 Slay+4}
  3766 | D:5      | Found a stormy altar of Qazlal.
  3906 | D:5      | Noticed Edmund
  3918 | D:5      | Killed Edmund
  4007 | D:5      | Found a runed translucent door.
  4008 | D:5      | Noticed Crazy Yiuf
  4015 | D:5      | Killed Crazy Yiuf
  4478 | D:6      | Reached skill level 5 in Armour
  4513 | D:6      | Noticed Duvessa
  4513 | D:6      | Noticed Dowan
  4528 | D:6      | Killed Duvessa
  4544 | D:6      | Reached XP level 9. HP: 58/69 MP: 9/9
  4551 | D:6      | Killed Dowan
  5174 | D:7      | Found a staircase to the Ecumenical Temple.
  5209 | Temple   | Entered the Ecumenical Temple
  5218 | Temple   | Became a worshipper of Hepliaklqana the Forgotten
  5498 | D:7      | Found an ancient bone altar of Kikubaaqudgha.
  5498 | D:7      | Found Iwang's Distillery.
  5552 | D:7      | Found a shadowy altar of Dithmenos.
  5563 | D:7      | Found a shimmering blue altar of Sif Muna.
  5588 | D:7      | Noticed Maggie
  5606 | D:7      | Killed Maggie
  5617 | D:7      | Found a flagged portal.
  5633 | Bailey   | Entered a bailey
  5907 | Bailey   | Reached XP level 10. HP: 79/79 MP: 10/10
  6116 | Bailey   | Found the +12 glaive of Prune {freeze, Prune}
  6564 | D:7      | Found an ornate altar of the Wu Jian Council.
  6834 | D:7      | Found a sparkling altar of Nemelex Xobeh.
  7583 | D:8      | Noticed a two-headed ogre
  7589 | D:8      | Noticed a two-headed ogre
  7591 | D:8      | Killed a two-headed ogre
  7595 | D:8      | Killed a two-headed ogre
  7817 | D:8      | Gained mutation: Your touch may inflict irresistible damage
                  | on your foes. [demonic ancestry]
  7817 | D:8      | Reached XP level 11. HP: 76/87 MP: 14/14
  7825 | D:8      | Found a staircase to the Lair.
  7827 | D:8      | Reached * piety under Hepliaklqana
  8218 | D:8      | Noticed Joseph
  8224 | D:8      | Killed Joseph
  8225 | D:8      | Reached skill level 5 in Invocations
  8668 | D:9      | Noticed a two-headed ogre
  8673 | D:9      | Killed a two-headed ogre
  8879 | D:9      | Found Gaxuav's Book Emporium.
  8894 | D:9      | Reached ** piety under Hepliaklqana
  8895 | D:9      | Remembered your ancestor Tlaloc as a hexer
  9204 | D:10     | Entered Level 10 of the Dungeon
  9359 | D:10     | Noticed a yaktaur captain
  9377 | D:10     | Killed a yaktaur captain
  9743 | D:11     | Noticed a tengu reaver
  9744 | D:11     | Found a runed translucent gate.
  9744 | D:11     | Noticed themarg's ghost (journeyman TrFi)
  9745 | D:11     | Found a runed translucent gate.
  9746 | D:11     | Reached *** piety under Hepliaklqana
  9752 | D:11     | Reached skill level 10 in Fighting
  9775 | D:11     | Found a runed translucent gate.
  9809 | D:11     | Noticed Maurice
  9813 | D:11     | Killed Maurice
  9908 | D:11     | Found a broken altar of Ashenzari.
  9973 | D:11     | Noticed a centaur warrior
  9981 | D:11     | Killed a centaur warrior
  9982 | D:11     | Gained mutation: A demonic guardian rushes to your aid.
                  | [demonic ancestry]
  9982 | D:11     | Reached XP level 12. HP: 29/87 MP: 17/17
 10420 | D:11     | Killed a tengu reaver
 10430 | D:11     | Killed themarg's ghost
 10573 | D:12     | Noticed a death knight
 10596 | D:12     | Found a frozen archway.
 10605 | IceCv    | Entered an ice cave
 10630 | IceCv    | Reached skill level 10 in Polearms
 10630 | IceCv    | Reached skill level 10 in Dodging
 10646 | IceCv    | HP: 2/89 [something (30)]
 10648 | IceCv    | Slain by an ice beast

Illustrated notes

Levels and vault maps discovered:
D:1:      lightli_arrival_windingriver, layout_basic,
          shapermc_ecumenical_altar_notcrosses, dk_noncrumbling_2
D:2:      layout_loops_ring, minmay_quadrilaterals
D:3:      layout_loops_ring, nicolae_overflow_ecumenical_swirl, uniq_robin
D:4:      layout_loops_cross, uniq_sigmund
D:5:      layout_rooms, grunt_qazlal_sundering, old_standard_altar, uniq_edmund,
          uniq_eustachio, uniq_crazy_yiuf_cottage
D:6:      layout_loops_ring, uniq_duvessa
D:7:      layout_basic, marbit_many_paths, nicolae_overflow_quartered_altars,
          nicolae_kikubaaqudgha_miasma_corner, minmay_temple_entry_proselytizer,
          serial_shops, shop, enter_bailey_5, serial_glass, glass_columns_c,
          glass_columns_c, glass_columns_b, glass_columns_c, uniq_maggie
D:8:      layout_loops_ring, minmay_lair_entry_grove, uniq_joseph
D:9:      layout_rooms, serial_shops, nicolae_shop_rolling_square, eino_jars
D:10:     layout_cave_pools, kennysheep_island_fort
D:11:     layout_loops_ring, gammafunk_ghost_split, nicolae_ashenzari_skybound,
          uniq_maurice
D:12:     minmay_crescents, layout_stronghold, portal_ice_cave_entry_pillars_1,
          uniq_frances
Temple:   compressed_dpeg_triangle_lava_temple
IceCv:    ice_cave_tombish

Skill      XL: |  1  2  3  4  5  6  7  8  9 10 11 12 |
---------------+-------------------------------------+-----
Dodging        | 3 4 5 6 7 8 9 10 | 10.0
Polearms       | 3 4 5 6 7 8 9 10 | 10.0
Armour         | 1 2 3 4 5 6 7 |  7.0
Fighting       | 3 4 5 6 7 8 10 | 10.7
Invocations    | 4 7 9 |  9.0
Throwing       | |  1.7

Action                     |  1- 3 |  4- 6 |  7- 9 | 10-12 || total
---------------------------+-------+-------+-------+-------++-------
  Melee: Trident           |    90 |       |       |       ||    90
         Spear             |    13 |   143 |   376 |   170 ||   702
         Touch             |       |     9 |    53 |     1 ||    63
         Punch             |       |       |     4 |       ||     4
         Glaive            |       |       |       |   305 ||   305
  Throw: Throwing net      |       |       |     1 |       ||     1
 Invoke: Ancestor Life: He |       |       |       |     1 ||     1
    Use: Scroll            |     2 |     7 |     7 |     9 ||    25
         Potion            |       |       |       |     3 ||     3
   Stab: Sleeping          |     2 |     6 |     5 |       ||    13
         Distracted        |       |     1 |       |     3 ||     4
         Confused          |       |       |       |     1 ||     1
 Armour: Leather armour    |    22 |    23 |    45 |       ||    90
         Steam dragon scal |       |       |    38 |    87 ||   125
         Troll leather arm |       |       |       |    85 ||    85
  Dodge: Dodged            |    45 |    45 |   219 |   393 ||   702

Table legend: (Time is in decaauts)
 A = Elapsed time spent in this place.
 B = Non-inter-level travel time spent in this place.
 C = Inter-level travel time spent in this place.
 D = Time resting spent in this place.
 E = Time spent auto-exploring this place.
 F = Levels seen in this place.
 G = Mean time per level.
                   A        B        C        D        E       F      G
               +--------+--------+--------+--------+--------+-----+--------+
         Total |  10617 |   9932 |    685 |     31 |   7369 |  15 |  707.8 |
       Dungeon |   9415 |   8732 |    683 |     31 |   6699 |  12 |  784.6 |
        Temple |    318 |    317 |      1 |      0 |    254 |   1 |  318.0 |
        Bailey |    836 |    836 |      0 |      0 |    412 |   1 |  836.0 |
      Ice Cave |     47 |     47 |      0 |      0 |      4 |   1 |   47.0 |
               +--------+--------+--------+--------+--------+-----+--------+

Top non-repeatable levels by time:
     D:7: 1189 daAuts
     D:3: 1009 daAuts
     D:6: 953 daAuts
     D:8: 950 daAuts
     D:4: 857 daAuts
  Bailey: 836 daAuts
    D:11: 836 daAuts
     D:1: 816 daAuts
     D:2: 753 daAuts
     D:5: 738 daAuts
     D:9: 715 daAuts
    D:10: 545 daAuts
  Temple: 318 daAuts
    D:12: 50 daAuts
   IceCv: 47 daAuts
